 Dungeon Crawl Stone Soup version 0.30.0-15-g856e2d3f33 (webtiles) character file.

Game seed: 15054606125040439089

478 cdecastro the Skirmisher (level 6, -13/34 HPs)
             Began as a Deep Elf Hunter on May 19, 2023.
             Was an Initiate of Hepliaklqana.
             Killed by divine providence
             ... invoked by an orc priest
              (17 damage)
             ... on level 4 of the Dungeon.
             The game lasted 00:07:59 (3250 turns).

cdecastro the Skirmisher (Deep Elf Hunter)          Turns: 3250, Time: 00:08:00

Health: -13/34     AC:  4    Str:  8    XL:     6   Next: 85%
Magic:  17/17      EV: 19    Int: 14    God:    Hepliaklqana [......]
Gold:   277        SH:  0    Dex: 20    Spells: 5/5 levels left

rFire   . . .        a - +0 shortbow
rCold   . . .        (shield currently unavailable)
rNeg    . . .        c - +0 leather armour
rPois   .            i - +0 helmet
rElec   .            (no cloak)
rCorr   .            (no gloves)
SInv    .            (no boots)
Will    .....        (no amulet)
Stlth   ++           e - +5 ring of evasion
HPRegen 0.25/turn    n - ring of magical power
MPRegen 0.15/turn

%: no passive effects
@: no status effects
A: no striking features
a: Renounce Religion


You were on level 4 of the Dungeon.
You worshipped Hepliaklqana.
Hepliaklqana was noncommittal.
You visited 1 branch of the dungeon, and saw 4 of its levels.

You collected 277 gold pieces.

Inventory:

Hand Weapons
 a - a +0 shortbow (weapon)
Armour
 c - a +0 leather armour (worn)
 i - a +0 helmet (worn)
 u - a +0 pair of gloves
Magical Staves
 x - a staff of death
Jewellery
 e - a +5 ring of evasion (left hand)
 n - a ring of magical power (right hand)
Wands
 p - a wand of polymorph (5)
Scrolls
 b - a scroll of immolation
 h - a scroll of magic mapping {unknown}
 j - 2 scrolls of blinking {unknown}
 k - a scroll of fear {unknown}
 l - 3 scrolls of vulnerability {unknown}
 t - a scroll of noise {unknown}
 v - 2 scrolls of teleportation {unknown}
 w - 4 scrolls of identify
 y - a scroll of fog {unknown}
 z - a scroll of torment {unknown}
Potions
 d - 2 potions of curing
 f - a potion of cancellation {unknown}
 g - a potion of degeneration {unknown}
 m - 3 potions of brilliance
 o - a potion of berserk rage {unknown}
 q - a potion of mutation
 r - 2 potions of might {unknown}
 s - a potion of resistance


   Skills:
 - Level 1.5 Fighting
 - Level 10.0 Ranged Weapons
 + Level 4.6 Dodging
 - Level 1.2 Stealth


You had 5 spell levels left.
You didn't know any spells.
Your spell library contained the following spells:

 Spells                   Type           Power      Damage    Failure   Level
 Apportation              Tloc           0%         N/A       38%         1
 Poisonous Vapours        Pois/Air       0%         N/A       54%         2
 Static Discharge         Conj/Air       0%         2-2/arc   54%         2
 Mephitic Cloud           Conj/Pois/Air  0%         N/A       77%         3
 Airstrike                Air            0%         2d(0-16)  99%         4
 Summon Lightning Spire   Summ/Air       0%         N/A       99%         4
 Alistair's Intoxication  Tmut/Pois      0%         N/A       100%        5
 Freezing Cloud           Conj/Ice/Air   0%         6-21      100%        5
 Conjure Ball Lightning   Conj/Air       0%         3x3d6     100%        6
 Discord                  Hex            0%         N/A       100%        8
 Disjunction              Tloc           0%         N/A       100%        8


Dungeon Overview and Level Annotations

Branches:
Dungeon (4/15)
 Temple: D:4-7

Altars:
Hepliaklqana
The Shining One


Message History

The arrow hits the orc but does no damage.
The orc priest hits you with a +0 war axe!
* * * LOW HITPOINT WARNING * * *
Fire: a) +0 shortbow
Press: ? - help, Q - select action, (/) - cycle Shift-Dir - straight line, f/p - orc priest
Aim: an orc priest, wielding a +0 war axe (67% to hit)
You shoot an arrow. The arrow hits the orc priest!
The orc priest is severely wounded.
The orc priest misses you.
Fire: a) +0 shortbow
Press: ? - help, Q - select action, (/) - cycle Shift-Dir - straight line, f/p - orc priest
Aim: an orc priest, wielding a +0 war axe (severely wounded, 67% to hit)
You shoot an arrow.
The arrow closely misses the orc priest.
The arrow hits the orc.
The orc is lightly wounded.
The orc priest barely misses you.
Fire: a) +0 shortbow
Press: ? - help, Q - select action, (/) - cycle Shift-Dir - straight line, f/p - orc priest
Aim: an orc priest, wielding a +0 war axe (severely wounded, 67% to hit)
You shoot an arrow.
The arrow closely misses the orc priest.
The arrow completely misses the orc.
The orc priest completely misses you.
Fire: a) +0 shortbow
Press: ? - help, Q - select action, (/) - cycle Shift-Dir - straight line, f/p - orc priest
Aim: an orc priest, wielding a +0 war axe (severely wounded, 67% to hit)
You shoot an arrow. The arrow barely misses the orc priest.
The arrow hits the orc but does no damage.
The orc priest looks satisfied for a moment.
Fire: a) +0 shortbow
Press: ? - help, Q - select action, (/) - cycle Shift-Dir - straight line, f/p - orc priest
Aim: an orc priest, wielding a +0 war axe (severely wounded, 67% to hit)
You shoot an arrow.
The arrow hits the orc priest but does no damage.
The orc priest is severely wounded.
The orc priest calls down the wrath of Beogh upon you.
Beogh smites you!
Ouch! That really hurt!
You die...

#.#†#.. #...... ##.#... #+
##.##... ..o ######
#.###... .... #....
#####†'# ..... #..## .#
##......
......####...##.###.......
......'oo@..>...##........
......####.....##.........
..... #..#.##..†.......
.... #.##.#........... ...
#.##.#........... #+#
#....#.....).#..# #.#
####.#........... # #.#
#.#........... ##. ##.##
######.#.......#..#


You could see an orc priest and an orc.

Vanquished Creatures
  A phantom (D:4)
  A sleepcap (D:3)
  2 orc priests (D:4)
  2 hounds (D:4)
  Terence (D:2)
  An orc wizard (D:4)
  7 gnolls
  3 adders
  4 worms
  2 dart slugs
  6 orcs
  11 endoplasms
  3 giant cockroaches
  13 goblins
  10 hobgoblins
  A jackal (D:2)
  4 quokkas
  3 ball pythons
  4 bats
  3 frilled lizards
  6 kobolds
  7 rats
95 creatures vanquished.

Notes
Turn   | Place    | Note
-------+----------+-------------------------------------------
     0 | D:1      | cdecastro the Deep Elf Hunter began the quest for the Orb.
     0 | D:1      | Reached XP level 1. HP: 12/12 MP: 3/3
    49 | D:1      | Reached skill level 6 in Ranged Weapons
    49 | D:1      | Reached XP level 2. HP: 15/16 MP: 4/4
   543 | D:2      | Reached XP level 3. HP: 20/20 MP: 5/5
   666 | D:2      | Reached skill level 7 in Ranged Weapons
   754 | D:2      | Found a faded altar of an unknown god.
  1150 | D:2      | Reached XP level 4. HP: 25/25 MP: 6/6
  1340 | D:2      | HP: 1/25 [poisoned by a gnoll]
  1356 | D:2      | HP: 1/25 [gnoll/+1 halberd of venom (4)]
  1365 | D:1      | HP: 1/25 [poisoned by a gnoll]
  1685 | D:3      | Reached skill level 8 in Ranged Weapons
  1779 | D:3      | Noticed Terence
  1807 | D:2      | Killed Terence
  1824 | D:3      | Reached XP level 5. HP: 29/29 MP: 7/7
  2024 | D:3      | Reached skill level 9 in Ranged Weapons
  2296 | D:3      | Found a hazy altar of Hepliaklqana.
  2384 | D:3      | Became a worshipper of Hepliaklqana the Forgotten
  2650 | D:4      | Reached XP level 6. HP: 34/34 MP: 8/8
  2735 | D:4      | Reached skill level 10 in Ranged Weapons
  3021 | D:4      | Found a glowing golden altar of the Shining One.
  3250 | D:4      | Killed from afar by an orc priest

Illustrated notes

Levels and vault maps discovered:
D:1:      ncdulo_lavacross, layout_loops_cross
D:2:      wad_river_or_something, layout_loops_cross,
          nicolae_ecumenical_oubliette
D:3:      layout_basic, lemuel_coloured_pillars_altar, minmay_mini_jars,
          uniq_terence
D:4:      kennysheep_big_flooded_room, layout_loops_corners,
          mainiacjoe_overflow_cross_hatched

Skill      XL: |  1  2  3  4  5  6 |
---------------+-------------------+-----
Ranged Weapons | 6 7 8 9 10 | 10.0
Dodging        | 4 |  4.6
Fighting       | |  1.5
Stealth        | |  1.2

Action                     |  1- 3 |  4- 6 || total
---------------------------+-------+-------++-------
  Melee: Unarmed           |       |     4 ||     4
   Fire: Shortbow          |    96 |   162 ||   258
    Use: Potion            |       |     2 ||     2
         Scroll            |       |     4 ||     4
 Armour: Leather armour    |     5 |     9 ||    14
  Dodge: Dodged            |    11 |    39 ||    50
